 Dungeon Crawl Stone Soup version 0.31.0-11-ge490571c62 (webtiles) character file.

Game seed: 9999077163233948423

5728 Xavori the Carver (level 11, -15/79 HPs)
             Began as a Djinni Chaos Knight on Jan 28, 2024.
             Was a Plaything of Xom.
             Demolished by a catoblepas (26 damage)
             ... on level 8 of the Dungeon.
             The game lasted 00:12:37 (16635 turns).

Xavori the Carver (Djinni Chaos Knight)            Turns: 16635, Time: 00:12:38

Health: -15/79     AC: 12    Str:  9      XL:     11   Next: 5%
Gold:   336        EV: 17    Int: 11      God:    Xom [.*....] SH:  0 Dex: 25 (26)

rFire   + + .        a - +0 falchion (chaos)
rCold   x . .        (no shield)
rNeg    . . .        b - +2 leather armour
rPois   ∞            D - +2 hat
rElec   .            C - +1 cloak
rCorr   .            k - +0 pair of gloves
SInv    .            (boots unavailable)
Will    +....        x - amulet of faith
Stlth   ++           (no ring)
HPRegen 0.33/turn    (no ring)
MPRegen 0.00/turn

%: faith, infuse magic (-16 HP)
@: flying, hasted (expiring), invisible, very quick
A: sickness immunity, fire resistance 2, cold vulnerability 1, float, innate
caster, HP casting, extra vitality 1, horns 1, agile 2, deterioration 1, shaggy
fur 1, subdued magic 1
a: Renounce Religion


You were on level 8 of the Dungeon.
You worshipped Xom.
You were a plaything of Xom.
You visited 1 branch of the dungeon, and saw 9 of its levels.

You collected 537 gold pieces.
You spent 201 gold pieces at shops.

Inventory:

Hand Weapons
 a - a +0 falchion of chaos (weapon)
Missiles
 d - 2 throwing nets (quivered)
Armour
 b - a +2 leather armour (worn)
 k - a +0 pair of gloves (worn)
 C - a +1 cloak (worn)
 D - a +2 hat (worn)
Jewellery
 x - an amulet of faith (around neck)
Wands
 i - a wand of flame (15)
 m - a wand of polymorph (26)
 A - a wand of charming (13)
 B - a wand of iceblast (1)
Scrolls
 c - 2 scrolls of butterflies
 e - 3 scrolls of silence {unknown}
 f - a scroll of torment {unknown}
 g - 4 scrolls of teleportation
 l - 2 scrolls of amnesia {unknown}
 o - 2 scrolls of fog {unknown}
 p - a scroll of revelation {unknown}
 r - a scroll of blinking
 s - a scroll of vulnerability {unknown}
 t - a scroll of acquirement {unknown}
 u - 2 scrolls of identify {unknown}
 y - a scroll of immolation
Potions
 h - a potion of degeneration {unknown}
 j - 2 potions of lignification {unknown}
 n - 2 potions of brilliance {unknown}
 q - a potion of haste
 v - a potion of curing
 w - a potion of might {unknown}
 z - a potion of attraction {unknown}
 E - a potion of heal wounds {unknown}
 F - a potion of resistance {unknown}
 G - a potion of magic {unknown}


   Skills:
 + Level 7.0 Fighting
 - Level 9.9 Long Blades
 + Level 5.2 Armour
 + Level 6.8 Dodging
 + Level 1.0 Shields
 + Level 0.3 Unarmed Combat
 * Level 4.4 Spellcasting
 * Level 4.4 Conjurations
 * Level 4.4 Hexes
 * Level 4.4 Summonings
 * Level 4.4 Necromancy
 * Level 4.4 Translocations
 * Level 4.4 Fire Magic
 * Level 4.4 Ice Magic
 * Level 4.4 Air Magic
 * Level 4.4 Earth Magic
 * Level 4.4 Alchemy


You knew the following spells:

 Your Spells              Type           Power      Damage    Failure   Level
a - Apportation           Tloc           18%        N/A       3%          1
b - Static Discharge      Conj/Air       18%        3-4/arc   6%          2
c - Dazzling Flash        Conj/Hex       18%        N/A       12%         3
d - Ozocubu's Armour      Ice            9%         N/A       12%         3
e - Freezing Cloud        Conj/Ice/Air   4%         6-21      77%         5
Your spell library was empty.

Dungeon Overview and Level Annotations

Branches:
Dungeon (9/15)             Temple (0/1) D:7            Lair (0/5) D:8
    Orc: D:9-12

Altars:
Dithmenos
Hepliaklqana
Makhleb
Xom

Shops:
D:5 *?


Innate Abilities, Weirdness & Mutations

You are immune to sickness and miasma.
You are immune to poison.
Your flesh is very heat resistant. (rF++)
You are vulnerable to cold. (rC-)
You float through the air rather than walking.
You learn spells naturally, not from books.
Your magical power is your life essence.
You have superior vitality. (+4 MHP)
You have a pair of small horns on your head.
You are very agile. (Dex +8, Str/Int -2)
Your body sometimes deteriorates upon taking damage.
You are covered in fur. (AC +1)
Your spells are a little easier to cast, but a little less powerful.


Message History

The puff of flame hits the catoblepas!
The catoblepas is moderately wounded.
Aiming: Throw Flame
Press: ? - help, Shift-Dir - straight line, f/p - catoblepas
Aim: a catoblepas (calcifying dust, moderately wounded, unable to see you, poisoned, 100% to hit)
The puff of flame hits the catoblepas.
The catoblepas is moderately wounded.
The catoblepas breathes a plume of calcifying dust at you.
The blast of calcifying dust hits you but does no damage.
Aiming: Throw Flame
Press: ? - help, Shift-Dir - straight line, f/p - catoblepas
Aim: a catoblepas (calcifying dust, moderately wounded, wandering, unable to see you, poisoned, hasn't noticed you, 100% to hit)
The puff of flame hits the catoblepas!
The catoblepas is heavily wounded.
Aiming: Throw Flame
Press: ? - help, Shift-Dir - straight line, f/p - catoblepas
Aim: a catoblepas (calcifying dust, heavily wounded, wandering, unable to see you, poisoned, hasn't noticed you, 100% to hit)
The puff of flame hits the catoblepas.
The catoblepas is heavily wounded.
Aiming: Throw Flame
Press: ? - help, Shift-Dir - straight line, f/p - catoblepas
Aim: a catoblepas (heavily wounded, wandering, unable to see you, poisoned, hasn't noticed you, 100% to hit)
The puff of flame hits the catoblepas.
The catoblepas is heavily wounded.
The catoblepas bellows!
Your extra speed is starting to run out.
Aiming: Throw Flame
Press: ? - help, Shift-Dir - straight line, f/p - catoblepas
Aim: a catoblepas (heavily wounded, wandering, unable to see you, poisoned, hasn't noticed you, 100% to hit)
The puff of flame hits the catoblepas but does no damage.
The catoblepas is heavily wounded.
You hit the catoblepas.
The catoblepas seems to slow down.
You headbutt the catoblepas, but do no damage.
The catoblepas is heavily wounded.
You slash the catoblepas! You burn the catoblepas.
You headbutt the catoblepas, but do no damage.
The catoblepas is severely wounded.
The catoblepas gores you!!
You die...
Xom giggles madly!

#.................# #.P♣
##.....##########.# #.P~ ###
#..###########.#.#### #.P~
#.###..#####......<.....# #..P
#............§###.......# #...
#.#.........§.###.......# ####
#.#>....................#
#.#.............#:......#
#.#...#§...#Y@.....#.####
#.#.....#.##.#..##.#.#########
#.........##.#..##.#.......[..
######.#.#....#.#..##.###########
................#..##.##.......#
#########.............##.......##
#....................###...###...
#.#####.......###....##.....##.##
#.# ##.......# #..#.#.......#...


You could see a catoblepas (unable to see you, poisoned, slow).

Vanquished Creatures
  Gastronok (D:8)
  Maurice (D:7)
  A wyvern (D:7)
  Grum (D:7)
  3 yaks
  3 water moccasins
  2 ice beasts
  3 orc warriors
  2 sky beasts
  3 ogres
  4 wolves
  A phantom (D:5)
  5 bullfrogs
  2 scorpions
  A killer bee (D:9)
  8 howler monkeys
  3 gnoll boudas
  2 jellies
  2 bombardier beetles
  5 hounds
  5 orc priests
  An iguana (D:5)
  Natasha (thrice) (D:3)
  7 orc wizards
  7 adders
  12 gnolls
  An ufetubus (D:5)
  6 dart slugs
  4 ribbon worms
  24 orcs
  2 ball pythons
  6 endoplasms
  2 giant cockroaches
  4 goblins (D:1)
  3 hobgoblins
  4 jackals (D:1)
  8 kobolds
  3 quokkas
  5 bats
  6 frilled lizards
  8 rats
174 creatures vanquished.

Vanquished Creatures (collateral kills)
  A yak (D:9)
  A bullfrog (D:7)
2 creatures vanquished.

Vanquished Creatures (others)
  A yak (D:9)
  An orc wizard (D:8)
2 creatures vanquished.

Grand Total: 178 creatures vanquished

Notes
Turn   | Place    | Note
-------+----------+-------------------------------------------
     0 | D:1      | Xavori the Djinni Chaos Knight began the quest for the Orb.
     0 | D:1      | Reached XP level 1. HP: 20/20 MP: 0/0
    64 | D:1      | XOM: potion effect (curing)
    73 | D:1      | Reached XP level 2. HP: 22/25 MP: 0/0
   185 | D:1      | XOM is BORED!
   185 | D:1      | XOM: 3-stop teleportation journey
   258 | D:1      | XOM: confuse monster(s)
   444 | D:1      | Reached skill level 3 in Long Blades
   451 | D:1      | Reached XP level 3. HP: 21/30 MP: 0/0
   451 | D:1      | Learned a level 1 spell: Apportation
   455 | D:1      | XOM: noise
   472 | D:1      | XOM: smoke on damage
   477 | D:1      | Reached XP level 4. HP: 19/35 MP: 0/0
   801 | D:1      | XOM: silly message
  2081 | D:1      | XOM: noise
  2844 | D:1      | XOM: silly message
  2965 | D:1      | XOM: silly message
  3173 | D:1      | XOM: cloud trail
  3881 | D:1      | XOM: noise
  4240 | D:1      | XOM is BORED!
  4240 | D:1      | XOM: give mutations
  4240 | D:1      | Gained mutation: You expend health (3 HP) to strengthen
                  | your wands. [Xom's mischief]
  4240 | D:1      | Gained mutation: You have a somewhat thin skeletal
                  | structure. (Dex +2, Stealth+) [Xom's mischief]
  4289 | D:1      | XOM: god gift: 49 gold pieces
  4420 | D:1      | XOM: god gift: dagger {god gift}
  5735 | D:1      | XOM: give mutations
  5735 | D:1      | Gained mutation: Your spells are a little easier to cast,
                  | but a little less powerful. [Xom's mischief]
  5735 | D:1      | Gained mutation: You are agile. (Dex +4, Str/Int -1) [Xom's
                  | mischief]
  5735 | D:1      | Gained mutation: You are weak. (Str -2) [Xom's mischief]
  5768 | D:1      | XOM: scenery: 3 doors close
  7471 | D:1      | XOM is BORED!
  7471 | D:1      | XOM: give mutation
  7471 | D:1      | Gained mutation: You have supernaturally acute eyesight.
                  | (SInv) [Xom's mischief]
  7480 | D:2      | XOM: god gift: ivory wand {god gift}
  7588 | D:2      | XOM: polymorph ribbon worm -> jelly
  7956 | D:2      | Reached XP level 5. HP: 40/40 MP: 0/0
  7956 | D:2      | Learned a level 2 spell: Static Discharge
  8117 | D:2      | XOM: give mutations
  8117 | D:2      | Lost mutation: You are weak. (Str -2) [Xom's mischief]
  8117 | D:2      | Gained mutation: Your spells are easier to cast, but less
                  | powerful. [Xom's mischief]
  8117 | D:2      | Lost mutation: You have supernaturally acute eyesight.
                  | (SInv) [Xom's mischief]
  8472 | D:2      | XOM: cloud trail
  8520 | D:3      | Noticed Natasha
  8532 | D:3      | Killed Natasha
  8533 | D:3      | Reached skill level 1 in Spellcasting
  8533 | D:3      | Reached skill level 1 in Conjurations
  8533 | D:3      | Reached skill level 1 in Hexes
  8533 | D:3      | Reached skill level 1 in Summonings
  8533 | D:3      | Reached skill level 1 in Necromancy
  8533 | D:3      | Reached skill level 1 in Translocations
  8533 | D:3      | Reached skill level 1 in Fire Magic
  8533 | D:3      | Reached skill level 1 in Ice Magic
  8533 | D:3      | Reached skill level 1 in Air Magic
  8533 | D:3      | Reached skill level 1 in Earth Magic
  8533 | D:3      | Reached skill level 1 in Alchemy
  8924 | D:3      | Reached XP level 6. HP: 24/46 MP: 0/0
  9084 | D:3      | Noticed Natasha
  9094 | D:3      | Killed Natasha
  9095 | D:3      | Reached skill level 4 in Long Blades
  9144 | D:3      | XOM: silly message
  9230 | D:3      | Noticed Natasha
  9248 | D:3      | Killed Natasha
  9340 | D:3      | Found a faded altar of an unknown god.
  9550 | D:3      | You are sucked into a shaft and drop 2 floors!
  9550 | D:5      | Entered Level 5 of the Dungeon
  9576 | D:5      | Found Quull's Magic Scroll Shoppe.
  9582 | D:5      | Bought a scroll of teleportation for 39 gold pieces
  9582 | D:5      | Bought a scroll of blinking for 97 gold pieces
  9582 | D:5      | Bought a scroll of immolation for 52 gold pieces
  9582 | D:5      | Bought a scroll of noise for 13 gold pieces
  9671 | D:5      | XOM: polymorph jelly -> frilled lizard
  9673 | D:5      | XOM: god gift: giant club {god gift}
  9970 | D:4      | Noticed an ogre
  9974 | D:4      | XOM: cleaving
  9982 | D:4      | Killed an ogre
  9983 | D:4      | Reached XP level 7. HP: 28/52 MP: 0/0
  9983 | D:4      | Learned a level 3 spell: Dazzling Flash
 10077 | D:4      | Found a burning altar of Makhleb.
 10107 | D:4      | Found a shadowy altar of Dithmenos.
 10172 | D:4      | XOM: 8-stop teleportation journey
 10409 | D:4      | XOM: stat loss: -1 Str (9/10)
 10503 | D:4      | XOM: draining
 10673 | D:4      | XOM: give mutations
 10673 | D:4      | Gained mutation: You are partially covered in large bone
                  | plates. (SH +4) [Xom's mischief]
 10673 | D:4      | Lost mutation: You are agile. (Dex +4, Str/Int -1) [Xom's
                  | mischief]
 10820 | D:5      | Found Sor Tuurr's Elemental Accessories.
 10871 | D:5      | Found a shimmering altar of Xom.
 10872 | D:5      | XOM: 2-stop teleportation journey
 10875 | D:5      | XOM: cast spell 'Olgreb's Toxic Radiance'
 11065 | D:5      | XOM: 1-stop teleportation journey
 11077 | D:5      | Reached skill level 5 in Long Blades
 11079 | D:5      | XOM: noise
 11087 | D:5      | Reached XP level 8. HP: 33/58 MP: 0/0
 11119 | D:5      | XOM: enchant monster (good)
 11130 | D:5      | XOM: stat loss: -1 Int (12/13)
 11266 | D:5      | XOM: give mutations
 11266 | D:5      | Gained mutation: You occasionally shout uncontrollably at
                  | your foes. [Xom's mischief]
 11266 | D:5      | Gained mutation: Your body sometimes deteriorates upon
                  | taking damage. [Xom's mischief]
 11275 | D:5      | XOM: smoke on damage
 11576 | D:5      | Reached skill level 6 in Long Blades
 11587 | D:5      | XOM: repel stairs
 11908 | D:5      | XOM: silly message
 11917 | D:5      | Reached skill level 5 in Fighting
 12161 | D:6      | XOM: give mutations
 12161 | D:6      | Gained mutation: You have a pair of small antennae on your
                  | head. [Xom's mischief]
 12161 | D:6      | Lost mutation: You are partially covered in large bone
                  | plates. (SH +4) [Xom's mischief]
 12161 | D:6      | Lost mutation: Your spells are easier to cast, but less
                  | powerful. [Xom's mischief]
 12251 | D:6      | Noticed a yak
 12251 | D:6      | Noticed a yak
 12251 | D:6      | Noticed a yak
 12251 | D:6      | XOM: 2-stop teleportation journey
 12251 | D:6      | Noticed a yak
 12251 | D:6      | Noticed a yak
 12259 | D:6      | XOM: cast spell 'Alistair's Intoxication'
 12266 | D:6      | Killed a yak
 12267 | D:6      | Reached XP level 9. HP: 34/65 MP: 0/0
 12267 | D:6      | Learned a level 3 spell: Ozocubu's Armour
 12267 | D:6      | Lost mutation: You have a somewhat thin skeletal structure.
                  | (Dex +2, Stealth+) [potion of mutation]
 12267 | D:6      | Lost mutation: You have a pair of small antennae on your
                  | head. [potion of mutation]
 12267 | D:6      | Lost mutation: You occasionally shout uncontrollably at
                  | your foes. [potion of mutation]
 12267 | D:6      | Gained mutation: You are agile. (Dex +4, Str/Int -1)
                  | [potion of mutation]
 12267 | D:6      | Gained mutation: You have a pair of small horns on your
                  | head. [potion of mutation]
 12267 | D:6      | Gained mutation: You are strong-willed. (Will+) [potion of
                  | mutation]
 12267 | D:6      | XOM: polymorph yak -> hound
 12272 | D:6      | XOM: cleaving
 12275 | D:6      | XOM: confuse monster(s)
 12276 | D:6      | Reached skill level 7 in Long Blades
 12280 | D:6      | Reached skill level 1 in Shields
 12282 | D:6      | XOM: fog
 12301 | D:6      | XOM: polymorph yak -> bullfrog
 12490 | D:5      | Reached skill level 5 in Dodging
 13100 | D:7      | Reached skill level 8 in Long Blades
 13100 | D:7      | XOM: cleaving
 13105 | D:7      | XOM: confuse monster(s)
 13283 | D:7      | XOM: cast spell 'Dispersal'
 13319 | D:7      | Reached XP level 10. HP: 6/72 MP: 0/0
 13672 | D:7      | XOM: 2-stop teleportation journey
 13713 | D:7      | XOM: god gift: 10 gold pieces
 13755 | D:7      | XOM: summons 2 friendly demons
 13785 | D:7      | Found a staircase to the Ecumenical Temple.
 13913 | D:7      | XOM: silly message
 13962 | D:7      | XOM: summons 3 friendly demons
 14156 | D:8      | XOM: summons 3 friendly demons
 14220 | D:8      | Found a hazy altar of Hepliaklqana.
 14275 | D:7      | XOM: swap monsters
 14318 | D:8      | XOM: 1-stop teleportation journey
 14319 | D:8      | Reached skill level 9 in Long Blades
 14343 | D:8      | XOM: 4-stop teleportation journey
 14511 | D:8      | XOM: cloud trail
 14583 | D:8      | XOM: destruction
 14588 | D:8      | XOM: scenery: 1 doors close
 14599 | D:8      | XOM: 1-stop teleportation journey
 14616 | D:8      | XOM: torment (38/73 hp)
 14737 | D:8      | Found a staircase to the Lair.
 14774 | D:8      | Noticed Gastronok
 14776 | D:8      | XOM: scenery: summon butterflies
 14780 | D:8      | Noticed Maurice
 14788 | D:8      | Noticed Grum
 14800 | D:8      | XOM: enchant monster (good)
 14872 | D:7      | Killed Grum
 14979 | D:8      | Maurice stole 158 gold
 14984 | D:7      | Something stole 132 gold
 15022 | D:7      | XOM: enchant monster (bad)
 15049 | D:7      | Killed Maurice
 15241 | D:8      | XOM: scenery: summon butterflies
 15342 | D:8      | XOM: silly message
 15459 | D:7      | Reached skill level 5 in Armour
 15605 | D:8      | XOM: enchant monster (bad)
 15619 | D:8      | XOM: confusion (+ monsters)
 15623 | D:8      | XOM: scenery: create altars
 15625 | D:8      | XOM: confusion (+ monsters)
 15642 | D:8      | Killed Gastronok
 15982 | D:8      | XOM: noise
 16016 | D:8      | XOM: give mutations
 16016 | D:8      | Gained mutation: You are very agile. (Dex +8, Str/Int -2)
                  | [Xom's mischief]
 16016 | D:8      | Lost mutation: You are strong-willed. (Will+) [Xom's
                  | mischief]
 16016 | D:8      | Lost mutation: You expend health (3 HP) to strengthen your
                  | wands. [Xom's mischief]
 16016 | D:8      | Gained mutation: You are covered in fur. (AC +1) [Xom's
                  | mischief]
 16348 | D:9      | Noticed a two-headed ogre
 16350 | D:9      | XOM: enchant monster (bad)
 16357 | D:9      | XOM: noise
 16360 | D:9      | Reached XP level 11. HP: 64/79 MP: 0/0
 16360 | D:9      | Learned a level 5 spell: Freezing Cloud
 16366 | D:9      | XOM: butterfly on damage
 16508 | D:9      | XOM: confusion (+ monsters)
 16558 | D:9      | Noticed a two-headed ogre
 16558 | D:9      | XOM: silly message
 16558 | D:9      | Noticed a catoblepas
 16619 | D:8      | XOM: potion effect (invisibility)
 16635 | D:8      | Demolished by a catoblepas

Illustrated notes

Levels and vault maps discovered:
D:1:      doesnt_arrival_eight_statues, layout_basic, minmay_tromino_v4_c
D:2:      layout_basic, st_stairs_1
D:3:      layout_basic, shapermc_ecumenical_altar_mp_highgroup,
          minmay_misc_feat_five, minmay_misc_feat_pillars, uniq_natasha
D:4:      layout_gridville, mainiacjoe_overflow_24_doors,
          nicolae_dithmenos_through_a_glass_darkly
D:5:      layout_loops_ring, nicolae_overflow_crystal_walls, serial_shops, shop,
          nicolae_elemental_shop, st_stairs_1, hangedman_glass_teeth,
          chequers_serial_rivers_small_3, minmay_diced_spiral
D:6:      layout_basic
D:7:      layout_cave_pools, minmay_temple_entry_glass, kennysheep_small_circle
D:8:      layout_basic, old_standard_altar, nicolae_kikubaaqudgha_miasma_corner,
          erik_lair_orcish_takeover, serial_bayou_pond_c, uniq_grum,
          uniq_maurice, uniq_gastronok
D:9:      layout_basic, minmay_the_grid_2x2 [minmay_the_grid_eight,
          minmay_the_grid_spikes, minmay_the_grid_minigrid_small,
          minmay_the_grid_prize_four_corners_diamond_b]

Skill      XL: |  1  2  3  4  5  6  7  8  9 10 |
---------------+-------------------------------+-----
Long Blades    | 3 4 5 6 8 9 |  9.9
Armour         | 2 3 4 5 |  5.2
Spellcasting   | 1 2 3 4 |  4.4
Conjurations   | 1 2 3 4 |  4.4
Hexes          | 1 2 3 4 |  4.4
Summonings     | 1 2 3 4 |  4.4
Necromancy     | 1 2 3 4 |  4.4
Translocations | 1 2 3 4 |  4.4
Fire Magic     | 1 2 3 4 |  4.4
Ice Magic      | 1 2 3 4 |  4.4
Air Magic      | 1 2 3 4 |  4.4
Earth Magic    | 1 2 3 4 |  4.4
Alchemy        | 1 2 3 4 |  4.4
Dodging        | 3 4 5 6 |  6.8
Fighting       | 4 5 6 7 |  7.0
Shields        | 1 |  1.0
Unarmed Combat | |  0.3

Action                     |  1- 3 |  4- 6 |  7- 9 | 10-12 || total
---------------------------+-------+-------+-------+-------++-------
  Melee: Falchion          |    63 |   186 |   259 |   210 ||   718
         Unarmed           |       |    11 |       |       ||    11
         Punch             |       |     4 |     2 |     1 ||     7
         Headbutt          |       |       |    30 |    61 ||    91
   Cast: Dazzling Flash    |       |       |     2 |    11 ||    13
         Ozocubu's Armour  |       |       |       |     1 ||     1
  Evoke: Wand              |       |     2 |       |    11 ||    13
    Use: Potion            |       |     2 |     3 |     2 ||     7
         Scroll            |       |       |     1 |       ||     1
   Stab: Sleeping          |       |     9 |     1 |       ||    10
         Paralysed         |       |     1 |       |       ||     1
         Confused          |       |     1 |     5 |     4 ||    10
         Invisible         |       |       |     1 |       ||     1
         Petrified         |       |       |       |    15 ||    15
         Petrifying        |       |       |       |     2 ||     2
         Distracted        |       |       |       |     2 ||     2
 Armour: Leather armour    |    50 |   166 |   128 |   145 ||   489
         Skin              |       |     3 |       |       ||     3
  Dodge: Dodged            |    60 |   166 |   155 |   159 ||   540
  Block: Other             |       |       |    15 |       ||    15
